AoeStats
← Valfar

Arena

505662265Analyzed
4v4 RM · 23d ago on Sep 10, 2026· 39m 20s· 8 players
Game mode
Random Map
Map size
Large (8 player)
Population
200
Speed
Normal
Resources
Standard
Victory
Conquest
Starting age
Dark Age
Ending age
Imperial Age
RankedLock teamsTeams togetherTeam positionsShared explorationLock speedFull tech treeHidden civsTurbo modeCheats
Victory
Defeat
🇹🇼 Vikings · Taiwan
1193
+14
🇮🇳 Italians · India
1170
+15
🇻🇳 Spanish · Vietnam
1142
+16
🇩🇪 Portuguese · Germany
1136
+17
🇸🇰 Vietnamese · Slovakia
1171
-16
🇩🇪 Japanese · Germany
1154
-16
🇨🇳 Aztecs · China
1146
-15
🇩🇪 Turks · Germany
1136
-15
rayquaza
10:59 Feudal Age
15:04 Castle Age
13:56 Fletching
15:13 Double-Bit Axe
16:08 Town Watch
16:11 Loom
18:34 Crossbowman
20:10 Bodkin Arrow
21:30 Padded Archer Armor
24:25 Leather Archer Armor
29:39 Fortified Wall
32:39 Wheelbarrow
33:51 Thumb Ring
35:58 Ballistics
38:48 Imperial Age
36:35 Hand Cart
38:16 Husbandry
38:26 Bloodlines
38:23 Scale Barding Armor
38:29 Forging
Burx
10:21 Feudal Age
11:42 Double-Bit Axe
11:51 Loom
14:38 Castle Age
12:42 Horse Collar
14:37 Loom
16:58 Bow Saw
18:29 Gold Mining
22:10 Heavy Plow
23:13 Wheelbarrow
27:19 Imperial Age
25:38 Squires
26:03 Stone Mining
26:00 Town Watch
26:25 Elite Skirmisher
27:27 Hand Cart
27:56 Scale Mail Armor
27:51 Elite Skirmisher
28:49 Elite Samurai
31:48 Conscription
31:00 Imperial Skirmisher
31:43 Padded Archer Armor
31:34 Fletching
32:00 Chain Mail Armor
31:55 Forging
33:45 Bodkin Arrow
34:05 Leather Archer Armor
34:25 Plate Mail Armor
34:56 Chemistry
35:44 Two-Man Saw
36:05 Kataparuto
36:16 Ballistics
36:04 Siege Engineers
37:53 Ballistics
37:29 Murder Holes
37:45 Fortified Wall
39:37 Bracer
39:48 Forging
Valfar
10:48 Feudal Age
15:30 Castle Age
13:40 Horse Collar
14:16 Double-Bit Axe
22:04 Gold Mining
23:45 Gold Shaft Mining
26:06 Imperial Age
24:11 Heavy Plow
25:40 Bow Saw
25:54 Bloodlines
25:55 Scale Barding Armor
27:32 Wheelbarrow
30:25 Chain Barding Armor
30:15 Forging
33:53 Plate Barding Armor
33:28 Forging
34:34 Gold Shaft Mining
33:51 Stone Mining
34:19 Fortified Wall
35:05 Hand Cart
34:35 Town Watch
35:56 Two-Man Saw
35:06 Loom
37:53 Iron Casting
37:20 Scale Mail Armor
38:14 Town Patrol
张维为
10:02 Feudal Age
11:11 Loom
11:30 Loom
14:07 Castle Age
12:46 Horse Collar
12:55 Double-Bit Axe
13:37 Horse Collar
14:40 Scale Mail Armor
18:04 Eagle Warrior
19:55 Chain Mail Armor
22:22 Forging
22:33 Squires
23:29 Wheelbarrow
39:02 Imperial Age
37:42 Fletching
Vector
0:38 Loom
10:52 Feudal Age
15:54 Castle Age
13:53 Double-Bit Axe
15:30 Horse Collar
22:59 Wheelbarrow
25:54 Fletching
26:05 Padded Archer Armor
26:54 Bodkin Arrow
27:07 Thumb Ring
29:15 Leather Archer Armor
29:32 Heavy Plow
32:19 Imperial Age
30:16 Ballistics
30:18 Fortified Wall
31:04 Bow Saw
31:22 Forging
31:12 Scale Mail Armor
33:27 Iron Casting
33:08 Chain Mail Armor
33:27 Squires
33:12 Arson
34:22 Conscription
35:19 Chemistry
35:45 Blast Furnace
34:47 Bracer
36:33 Plate Mail Armor
39:51 Ring Archer Armor
38:44 Elite Genoese Crossbowman
只會5TC
7:09 Loom
9:10 Feudal Age
9:40 Double-Bit Axe
16:06 Castle Age
14:27 Horse Collar
17:02 Bow Saw
16:54 Heavy Plow
22:25 Elite Skirmisher
23:40 Fletching
24:15 Gold Mining
24:23 Bodkin Arrow
25:33 Ballistics
26:14 Padded Archer Armor
28:54 Imperial Age
27:11 Gold Shaft Mining
26:27 Stone Mining
28:27 Squires
28:46 Forging
28:36 Scale Mail Armor
28:37 Pikeman
30:34 Iron Casting
32:52 Conscription
34:45 Two-Man Saw
35:26 Crop Rotation
35:28 Chain Mail Armor
36:45 Town Watch
38:32 Chieftains
xeniltildor
12:47 Feudal Age
17:09 Castle Age
15:16 Double-Bit Axe
19:25 Padded Archer Armor
19:17 Fletching
32:04 Imperial Age
ThanhLe
12:12 Feudal Age
13:58 Loom
17:04 Castle Age
15:39 Double-Bit Axe
16:15 Horse Collar
36:04 Padded Archer Armor
39:57 Leather Archer Armor
Connection lost

Rejoining the realm…

Still unreachable

The connection could not be restored.

Session expired

The server has moved on; the page needs a fresh start.